AoeStats
← PeterHustinov

Lombardia

507996522Analyzed
3v3 RM · 11d ago on Sep 20, 2026· 53m 53s· 6 players
Game mode
Random Map
Map size
Normal (6 player)
Population
200
Speed
Normal
Resources
Standard
Victory
Conquest
Starting age
Dark Age
Ending age
Imperial Age
RankedLock teamsTeams togetherTeam positionsShared explorationLock speedFull tech treeHidden civsTurbo modeCheats
Victory
Defeat
🇪🇸 Teutons · Spain
1071
+14
🇪🇸 Britons · Spain
1052
+14
🇦🇹 Wu · Austria
1037
+15
🇨🇴 Lithuanians · Colombia
1128
-19
🇨🇴 Inca · Colombia
979
-13
🇨🇴 Bulgarians · Colombia
943
-11
newworldorder
11:14 Feudal Age
19:47 Castle Age
17:37 Loom
17:47 Double-Bit Axe
18:39 Fletching
18:55 Horse Collar
20:31 Padded Archer Armor
21:13 Bow Saw
21:19 Crossbowman
23:23 Pikeman
29:42 Ballistics
32:21 Wheelbarrow
35:19 Imperial Age
32:39 Town Watch
34:19 Bodkin Arrow
35:44 Leather Archer Armor
35:30 Scale Mail Armor
36:11 Red Cliffs Tactics
36:53 Gold Mining
38:44 Arbalester
40:27 Chemistry
39:29 Bracer
41:28 Chain Mail Armor
41:33 Hand Cart
41:02 Halberdier
43:08 Squires
43:22 Forging
43:42 Plate Mail Armor
43:21 Treadmill Crane
45:04 Elite Fire Archer
47:59 Conscription
51:30 Arson
51:59 Town Patrol
52:15 Caravan
53:58 Iron Casting
52:50 Man-at-Arms
53:28 Long Swordsman
PeterHustinov
4:00 Loom
10:25 Feudal Age
12:14 Horse Collar
12:43 Double-Bit Axe
15:26 Wheelbarrow
21:43 Castle Age
20:16 Scale Mail Armor
20:26 Forging
20:23 Gold Mining
20:24 Stone Mining
21:34 Bloodlines
21:33 Scale Barding Armor
22:31 Heavy Plow
24:01 Iron Casting
24:35 Pikeman
25:44 Chain Mail Armor
27:12 Chain Barding Armor
28:06 Hand Cart
30:25 Town Watch
30:34 Fletching
34:36 Imperial Age
34:01 Stone Shaft Mining
34:12 Bodkin Arrow
35:29 Cavalier
36:58 Conscription
37:18 Town Patrol
39:00 Crop Rotation
38:44 Elite Teutonic Knight
40:10 Plate Mail Armor
40:06 Ballistics
42:38 Chemistry
43:11 Plate Barding Armor
43:38 Blast Furnace
48:46 Paladin
Trabuco
3:52 Loom
12:03 Feudal Age
12:53 Double-Bit Axe
17:58 Castle Age
19:15 Bow Saw
21:39 Horse Collar
22:43 Stone Mining
32:13 Imperial Age
30:20 Wheelbarrow
29:37 Town Watch
29:54 Padded Archer Armor
29:44 Fletching
30:30 Heavy Plow
30:59 Gold Mining
31:36 Fortified Wall
33:32 Conscription
33:09 Fletching
33:34 Leather Archer Armor
33:45 Ballistics
34:55 Two-Man Saw
36:03 Elite Longbowman
37:14 Bodkin Arrow
37:49 Ring Archer Armor
37:55 Gold Shaft Mining
39:12 Chemistry
38:21 Murder Holes
38:43 Masonry
39:02 Hand Cart
38:20 Elite Longbowman
40:29 Yeomen
40:11 Warwolf
47:31 Squires
46:51 Pikeman
47:38 Scale Mail Armor
47:48 Forging
47:39 Bracer
52:14 Chain Mail Armor
52:34 Iron Casting
51:22 Halberdier
51:48 Arson
scarvajalg
6:14 Loom
10:49 Feudal Age
11:28 Double-Bit Axe
21:21 Castle Age
27:09 Bow Saw
27:08 Scale Mail Armor
27:20 Forging
28:08 Stone Mining
34:13 Chain Mail Armor
34:44 Iron Casting
40:25 Imperial Age
41:34 Wheelbarrow
41:41 Ballistics
42:12 Horse Collar
alexanderavalos237
0:32 Loom
12:20 Feudal Age
18:04 Castle Age
20:35 Double-Bit Axe
25:35 Horse Collar
27:06 Forging
27:18 Bow Saw
29:10 Wheelbarrow
28:45 Stone Mining
35:58 Imperial Age
34:16 Iron Casting
33:46 Scale Barding Armor
34:00 Heavy Plow
33:57 Gold Mining
35:18 Chain Barding Armor
35:49 Bloodlines
35:42 Husbandry
37:19 Plate Barding Armor
37:46 Blast Furnace
36:09 Elite Konnik
39:31 Crop Rotation
42:23 Stirrups
42:49 Conscription
48:22 Scale Mail Armor
juand1011
5:18 Loom
11:36 Feudal Age
15:48 Castle Age
14:11 Double-Bit Axe
20:34 Scale Barding Armor
21:05 Bloodlines
22:19 Husbandry
23:21 Horse Collar
26:44 Heavy Plow
27:23 Wheelbarrow
33:39 Forging
33:28 Gold Mining
36:48 Imperial Age
35:31 Chain Barding Armor
35:12 Stone Mining
36:57 Iron Casting
36:59 Elite Leitis
38:24 Stone Shaft Mining
39:04 Hand Cart
39:22 Crop Rotation
40:39 Plate Barding Armor
40:07 Fletching
43:15 Conscription
48:21 Tower Shields
49:06 Padded Archer Armor
49:01 Bodkin Arrow
48:53 Elite Skirmisher
49:38 Thumb Ring
49:51 Leather Archer Armor
51:13 Bow Saw
52:15 Ballistics
52:56 Chemistry
52:31 Ring Archer Armor
52:01 Bracer
Connection lost

Rejoining the realm…

Still unreachable

The connection could not be restored.

Session expired

The server has moved on; the page needs a fresh start.